cohdb
Replays
Latest Replays
All Replays
Popular Replays
Top Player Replays
Match Explorer
How It Works
Community
CoH3 Stats
Reddit
Sign in to upload your games and track your stats! →
Sign in with Steam
Match 42065361
Unlisted
Match 42065361
Overview
Messages
Build Orders
End
Kettenkrad Recon Vehicle
Construct Infanterie Kompanie
Selects Mechanized Battlegroup
MG 42 Machine Gun Team
Grenadier Squad
GrW 34 Mortar Team
Grenadier Squad
Construct Panzergrenadier Kompanie
251 Medium Carrier
Selects Raid Package
Panzergrenadier Squad
Pak 40 Anti-tank Gun Team
Medical Station
Support Elements
StuG III G Assault Gun
Panzergrenadier Squad
Selects StuG Assault Group
Nebelwerfer 42 Rocket Launcher Team
Selects Mobile Repair Stations
Pioneer Squad
StuG Assault Group
Construct Panzer Kompanie
Selects UNKNOWN (2160084)
Selects Wespe Self-propelled Artillery
Pak 40 Anti-tank Gun Team
AI Takeover
(✺ω✺)chupacabra
Dark Angels
NoCommentary
A Quick Workaround
JShreddy
VvvV
侠客
鱼塘摸鱼猫师傅高分大神快退散
0
0
Comments
sign in to comment!
No comments posted yet!